 Dungeon Sprint DCSS version 0.29-a0-284-gf9362112df (webtiles) character file.

Game seed: 16915666225795110754

7560 mhtbhm the Phalangite (level 10, -2/165 HPs)
             Began as a Minotaur Berserker on Mar 26, 2022.
             Was a High Priest of Trog.
             Succumbed to a death drake's dark miasma
             ... in the Dungeon (Sprint III: "The Ten Rune Challenge").
             The game lasted 00:03:42 (2588 turns).

mhtbhm the Phalangite (Minotaur Berserker)          Turns: 2588, Time: 00:03:43

Health: -2/165     AC: 10    Str: 25    XL:     10   Next: 96%
Magic:  3/3        EV: 15    Int:  4    God:    Trog [*****.]
Gold:   49         SH:  0    Dex: 13    Spells: 9/9 levels left

rFire   + . .      SeeInvis .   a - +1 bardiche (antimagic)
rCold   . . .      Faith    .   (shield currently unavailable)
rNeg    . . .      Spirit   .   b - +0 scale mail
rPois   .          Reflect  .   (helmet restricted)
rElec   .          Harm     .   j - +0 cloak
rCorr   .          Rampage  .   (no gloves)
Will    .....      NoTele   +   (no boots)
Stlth   ..........              (no amulet)
HPRegen 0.37/turn               (no ring)
MPRegen 0.08/turn               (no ring)

@: berserking, lethally poisoned (-2 -> -109), slowed
A: horns 2, retaliatory headbutt, agile 1, fire resistance 1, sense surroundings
1, wild magic 1
a: Renounce Religion, Berserk, Trog's Hand, Brothers in Arms


You were in the Dungeon.
You worshipped Trog.
Trog was extremely pleased with you.
You visited 1 branch You collected 49 gold pieces.

Inventory:

Hand Weapons
 a - a +1 antimagic bardiche (weapon)
 p - a +6 trident of flaming
Missiles
 o - 5 javelins (quivered)
Armour
 b - a +0 scale mail (worn)
 j - a +0 cloak (worn)
Scrolls
 h - a scroll of blinking
 i - 3 scrolls of holy word {unknown}
 l - 3 scrolls of identify
Potions
 c - a potion of curing
 d - a potion of heal wounds
 e - a potion of haste
 f - 2 potions of magic
 g - 2 potions of berserk rage
 k - 2 potions of mutation
 m - 3 potions of flight
Miscellaneous
 n - a phial of floods


   Skills:
 + Level 16.8 Fighting
 + Level 21.5 Polearms
 + Level 9.5 Armour
 + Level 11.5 Dodging
 + Level 2.8 Stealth
 + Level 2.4 Evocations


You had 9 spell levels left.
You didn't know any spells.
Your spell library was empty.

Dungeon Overview and Level Annotations

Branches:
Dungeon (1/1)

Altars:
Cheibriados
Dithmenos
Elyvilon
Fedhas
Gozag
Hepliaklqana
Kikubaaqudgha
Makhleb
Nemelex Xobeh
Okawaru
Qazlal
Ru
Sif Muna
Trog
Uskayaw
Vehumet
Wu Jian
Xom
Yredelemnul
Zin
The Shining One
Beogh
Jiyva
Lugonu


Innate Abilities, Weirdness & Mutations

You have a pair of horns on your head.
You reflexively headbutt those who attack you in melee.
You are agile. (Dex +2)
Your flesh is heat resistant. (rF+)
You passively map a small area around you.
Your spells are a little harder to cast, but a little more powerful.


Message History

You slash the death drake!
The death drake is lightly wounded.
You are engulfed in dark miasma.
You are more poisoned.
You feel extremely sick. The death drake bites you!
You closely miss the death drake. Your headbutt misses the death drake.
The death drake is lightly wounded.
You are engulfed in dark miasma.
You are more poisoned.
You feel extremely sick. The death drake bites you.
You slash the death drake! You headbutt the death drake.
The death drake is moderately wounded.
You are engulfed in dark miasma.
You are more poisoned.
You feel extremely sick. The death drake barely misses you.
You furiously retaliate!
You headbutt the death drake! You closely miss the death drake.
Your headbutt misses the death drake.
The death drake is heavily wounded.
You are engulfed in dark miasma.
You are lethally poisoned!
You feel extremely sick. The death drake breathes miasma at you.
The foul vapour misses you.
You slice the death drake like a ripe choko!!!
You headbutt the death drake, but do no damage.
The death drake is almost dead.
* * * LOW HITPOINT WARNING * * *
You feel extremely sick. The death drake breathes miasma at you.
The foul vapour engulfs you!
You are more poisoned.
* * * LOW HITPOINT WARNING * * *
You barely miss the death drake.
The death drake is almost dead.
You are engulfed in dark miasma.
You are more poisoned.
* * * LOW HITPOINT WARNING * * *
You die...

,
#.≈♣♣♣♣♣♣♣♣♣♣♣♣♣♣♣♣PP##.#.#.
* #..♣♣ ♣♣♣# +####
###'♣♣♣♣♣♣♣♣♣♣♣♣♣♣♣ *
♣♣♣♣.##†.##≈≈≈≈≈≈..# , , ≈
♣...##.##.#≈≈≈≈≈...#, *
♣♣.##.##†##÷≈≈≈≈°####+ * * ,
♣..#.##...#≈°....☼○°,* * *
♣♣.##†##.[#°°.+#### ,
♣♣.##.#####@°°# , ,,*
♣.....##.°k°°.#* *
########+###### * , , , ** *
+ , , , * , * * ,* , , * * *


You could see a death drake (catching breath).

Vanquished Creatures
  Snorg (D)
  2 hydras (D)
  A centaur warrior (D)
  Urug (D)
  A deep elf pyromancer (D)
  A lindwurm (D)
  2 cane toads (D)
  An unseen horror (D)
  A komodo dragon (D)
  3 wandering mushrooms (D)
  2 tyrant leeches (D)
  A shadow (D)
  3 redbacks (D)
  A spatial vortex (D)
  2 centaurs (D)
  An earth elemental (D)
  A necrophage (D)
  A water elemental (D)
  An electric eel (D)
  A jelly (D)
  Crazy Yiuf (D)
  Jessica (D)
  A necromancer (D)
  A wizard (D)
  A kobold demonologist (D)
  3 humans (D)
  2 endoplasms (D)
  A rat (D)
39 creatures vanquished.

Notes
Turn   | Place    | Note
-------+----------+-------------------------------------------
     0 | D        | mhtbhm the Minotaur Berserker began the quest for the Orb.
     0 | D        | Reached XP level 1. HP: 19/19 MP: 0/0
     6 | D        | Reached skill level 4 in Polearms
    14 | D        | Noticed Jessica
    18 | D        | Reached ** piety under Trog
    20 | D        | Killed Jessica
    21 | D        | Reached skill level 5 in Fighting
    21 | D        | Reached skill level 6 in Polearms
    21 | D        | Reached XP level 2. HP: 22/29 MP: 1/1
    21 | D        | Reached XP level 3. HP: 28/36 MP: 2/2
   288 | D        | Noticed Crazy Yiuf
   299 | D        | Killed Crazy Yiuf
   300 | D        | Reached skill level 7 in Polearms
   300 | D        | Reached XP level 4. HP: 45/45 MP: 3/3
   364 | D        | Gained mutation: You are agile. (Dex +2) [potion of
                  | mutation]
   364 | D        | Gained mutation: Your spells are a little harder to cast,
                  | but a little more powerful. [potion of mutation]
   364 | D        | Gained mutation: Your flesh is heat resistant. (rF+)
                  | [potion of mutation]
   364 | D        | Gained mutation: You passively map a small area around you.
                  | [potion of mutation]
   379 | D        | Noticed a water elemental
   383 | D        | Killed a water elemental
   383 | D        | Reached *** piety under Trog
   384 | D        | Reached skill level 8 in Polearms
   436 | D        | Found a basalt altar of Yredelemnul.
   436 | D        | Found a shadowy altar of Dithmenos.
   436 | D        | Found a sacrificial altar of Ru.
   436 | D        | Noticed a necrophage
   441 | D        | Reached skill level 9 in Polearms
   441 | D        | Reached XP level 5. HP: 33/53 MP: 4/4
   446 | D        | Reached skill level 10 in Polearms
   640 | D        | Found a glowing silver altar of Zin.
   640 | D        | Found a glowing golden altar of the Shining One.
   640 | D        | Found a white marble altar of Elyvilon.
   640 | D        | Noticed a deep elf pyromancer
   644 | D        | Noticed a fire elemental
   644 | D        | Noticed a fire elemental
   645 | D        | Killed a deep elf pyromancer
   645 | D        | Reached **** piety under Trog
   646 | D        | Reached skill level 13 in Polearms
   646 | D        | Reached XP level 6. HP: 68/68 MP: 5/5
   646 | D        | Reached XP level 7. HP: 74/74 MP: 6/6
   741 | D        | Found a radiant altar of Vehumet.
   741 | D        | Found a shimmering blue altar of Sif Muna.
   741 | D        | Found an ancient bone altar of Kikubaaqudgha.
   747 | D        | Noticed a neqoxec
   808 | D        | Found a hide-covered altar of Uskayaw.
   808 | D        | Found an iron altar of Okawaru.
   808 | D        | Found a bloodstained altar of Trog.
   808 | D        | Found an ornate altar of the Wu Jian Council.
   808 | D        | Noticed a human
   808 | D        | Noticed a human
   812 | D        | Killed a human
   813 | D        | Reached skill level 14 in Polearms
   818 | D        | Killed a human
   818 | D        | Reached ***** piety under Trog
   884 | D        | Noticed a shadow
   894 | D        | Killed a shadow
   895 | D        | Reached skill level 15 in Polearms
   895 | D        | Reached XP level 8. HP: 48/83 MP: 7/7
  1010 | D        | Found a blossoming altar of Fedhas.
  1010 | D        | Found a stormy altar of Qazlal.
  1010 | D        | Found a snail-covered altar of Cheibriados.
  1010 | D        | Found a burning altar of Makhleb.
  1010 | D        | Found a shimmering altar of Xom.
  1019 | D        | Found a hazy altar of Hepliaklqana.
  1019 | D        | Found an opulent altar of Gozag.
  1019 | D        | Found a sparkling altar of Nemelex Xobeh.
  1019 | D        | Found a corrupted altar of Lugonu.
  1019 | D        | Found a viscous altar of Jiyva.
  1120 | D        | Noticed Snorg
  1172 | D        | Killed Snorg
  1173 | D        | Reached skill level 16 in Polearms
  1278 | D        | Reached skill level 1 in Evocations
  1278 | D        | Reached XP level 9. HP: 60/93 MP: 8/8
  1488 | D        | Noticed a centaur warrior
  1498 | D        | Killed a centaur warrior
  1499 | D        | Reached skill level 17 in Polearms
  1613 | D        | Killed an unseen horror
  1613 | D        | Received a gift from Trog
  1614 | D        | Reached skill level 18 in Polearms
  1685 | D        | Noticed a wandering mushroom
  1689 | D        | Noticed a wandering mushroom
  1694 | D        | Killed a wandering mushroom
  1695 | D        | Noticed a wandering mushroom
  1701 | D        | Killed a wandering mushroom
  1702 | D        | Reached skill level 1 in Stealth
  1709 | D        | Killed a wandering mushroom
  1710 | D        | Reached skill level 15 in Fighting
  1710 | D        | Reached skill level 10 in Dodging
  1716 | D        | Noticed a cane toad
  1716 | D        | Noticed a komodo dragon
  1716 | D        | Noticed a cane toad
  1723 | D        | Killed a cane toad
  1724 | D        | Reached skill level 19 in Polearms
  1724 | D        | Reached XP level 10. HP: 105/105 MP: 3/9
  1727 | D        | Killed a cane toad
  1734 | D        | Received a gift from Trog
  2280 | D        | Reached skill level 20 in Polearms
  2284 | D        | Noticed a lindwurm
  2287 | D        | Killed a lindwurm
  2293 | D        | Received a gift from Trog
  2299 | D        | Noticed Urug
  2301 | D        | Killed Urug
  2336 | D        | Noticed a six-headed hydra
  2336 | D        | Noticed a six-headed hydra
  2337 | D        | Reached ****** piety under Trog
  2346 | D        | Killed a six-headed hydra
  2347 | D        | Reached skill level 21 in Polearms
  2348 | D        | Killed a six-headed hydra
  2581 | D        | Noticed a death drake
  2588 | D        | Succumbed to a death drake's dark miasma

Illustrated notes

Levels and vault maps discovered:
D:        dungeon_sprint_mu [sprint_mu_entry_forest, sprint_mu_temple_rooms,
          sprint_mu_d1_horrors, sprint_mu_d2_genie, sprint_mu_d3_branching,
          sprint_mu_orc_legion, sprint_mu_elf_gauntlet, sprint_mu_hive_nellie,
          sprint_mu_lair_fedhas, sprint_mu_vaults_butterflies,
          sprint_mu_slime_circle, sprint_mu_swamp_cave, sprint_mu_snake_twists,
          sprint_mu_blade_basic, sprint_mu_crypt_fortress,
          sprint_mu_tomb_spiral, sprint_mu_vestibule_basic,
          sprint_mu_gehenna_hellfire, sprint_mu_dis_giant,
          sprint_mu_tartarus_statrot, sprint_mu_cocytus_islands, sprint_mu_zot1]

Skill      XL: |  1  2  3  4  5  6  7  8  9 10 |
---------------+-------------------------------+-----
Fighting       | 5 6 8 11 12 13 15 16 | 16.8
Polearms       | 6 7 9 13 15 16 19 21 | 21.5
Armour         | 3 4 6 7 8 9 |  9.5
Dodging        | 3 4 6 7 8 10 11 | 11.5
Evocations     | 1 2 |  2.4
Stealth        | 1 2 |  2.8

Action                   |  1- 3 |  4- 6 |  7- 9 | 10-12 || total
-------------------------+-------+-------+-------+-------++-------
Melee: Spear             |    30 |    15 |    99 |       ||   144
       Headbutt          |     5 |     1 |    27 |     9 ||    42
       Punch             |     1 |       |     1 |       ||     2
       Bardiche          |       |       |    19 |    44 ||    63
       Trident           |       |       |       |     5 ||     5
Invok: Berserk           |     2 |     3 |     6 |     3 ||    14
Evoke: Phial of floods   |       |       |     1 |       ||     1
  Use: Potion            |       |     1 |     1 |     1 ||     3
 Stab: Sleeping          |       |       |       |     2 ||     2
Armor: Animal skin       |       |       |     2 |       ||     2
       Leather armour    |       |       |     7 |       ||     7
       Scale mail        |       |       |       |     8 ||     8
Dodge: Dodged            |     9 |     3 |    40 |    26 ||    78

Table legend: (Time is in decaauts)
 A = Elapsed time spent in this place.
 B = Non-inter-level travel time spent in this place.
 C = Inter-level travel time spent in this place.
 D = Time resting spent in this place.
 E = Time spent auto-exploring this place.
 F = Levels seen in this place.
 G = Mean time per level.
                   A        B        C        D        E       F      G
               +--------+--------+--------+--------+--------+-----+--------+
         Total |   2632 |   2632 |      0 |   2059 |     12 |   1 | 2632.0 |
       Dungeon |   2632 |   2632 |      0 |   2059 |     12 |   1 | 2632.0 |
               +--------+--------+--------+--------+--------+-----+--------+

Top non-repeatable levels by time:
       D: 2632 daAuts
